 Dungeon Sprint DCSS version 0.22.1-1-ga44c0e56f4 (webtiles) character file.

13986 MuseOD the Unseen (level 11, -5/64 HPs)
             Began as a Spriggan Enchanter on Sept 30, 2018.
             Was the Champion of Dithmenos.
             Slain by an azure jelly (40 damage)
             ... in the Dungeon (Sprint III: "The Ten Rune Challenge").
             The game lasted 00:08:33 (2649 turns).

MuseOD the Unseen (Spriggan Enchanter)              Turns: 2649, Time: 00:08:34

Health: -5/64      AC:  4    Str:  4    XL:     11   Next: 82%
Magic:  26/29      EV: 18    Int: 22    God:    Dithmenos [******]
Gold:   43         SH:  0    Dex: 18    Spells: 18/36 levels left

rFire    . . .     SeeInvis +   r - +0 dagger (venom)
rCold    . . .     Gourm    .   (shield restricted)
rNeg     . . .     Faith    .   b - +0 robe
rPois    .         Spirit   .   s - +2 hat {Int+3}
rElec    .         Reflect  .   (no cloak)
rCorr    .         Harm     .   (gloves unavailable)
MR       +....     NoTele   +   (boots unavailable)
Stlth    ++++++++++             (no amulet)
HPRegen  0.20/turn              (no ring)
MPRegen  0.21/turn              (no ring)

@: wreathed by umbra, very quick
A: very small, unfitting armour, see invisible, herbivore, speed 3, slow
metabolism 2
a: Shadow Step, Shadow Form, Renounce Religion


You were in the Dungeon.
You worshipped Dithmenos.
Dithmenos was exalted by your worship.
You were not hungry.

You visited 1 branch You collected 43 gold pieces.

Inventory:

Hand Weapons
 a - a +1 dagger
 r - a +0 dagger of venom (weapon)
Armour
 b - a +0 robe (worn)
 s - a +2 hat of intelligence (worn)
Wands
 q - a wand of scattershot (3)
Scrolls
 c - a scroll of enchant armour {unknown}
 j - a scroll of blinking
 l - a scroll of immolation {unknown}
 m - 4 scrolls of identify
 o - a scroll of torment {unknown}
 p - 2 scrolls of remove curse
Potions
 e - a potion of curing
 f - a potion of heal wounds
 g - a potion of haste
 h - 2 potions of magic
 i - 2 potions of berserk rage
 k - 6 potions of mutation
 n - 6 potions of flight
 t - a potion of degeneration {unknown}
 u - a potion of cancellation {unknown}
Comestibles
 d - 5 rations


   Skills:
 + Level 10.9 Fighting
 * Level 18.5 Short Blades
 - Level 3.0 Dodging
 + Level 18.8 Stealth
 - Level 13.0 Spellcasting
 + Level 4.6 Conjurations
 + Level 12.6 Hexes


You had 18 spell levels left.
You knew the following spells:

 Your Spells              Type           Power        Failure   Level  Hunger
a - Corona                Hex            ######.      1%          1    None
b - Ensorcelled Hibernat  Hex/Ice        #####.       1%          2    None
c - Confuse               Hex            ######..     1%          3    None
d - Dazzling Spray        Conj/Hex       ######       1%          3    None
e - Tukima's Dance        Hex            ######..     1%          3    None
f - Mephitic Cloud        Conj/Pois/Air  ###.....     7%          3    None
g - Conjure Flame         Conj/Fire      ###.....     5%          3    None

Your spell library contained the following spells:

 Spells                   Type           Power        Failure   Level  Hunger
 Magic Dart               Conj           ####         1%          1    None
 Slow                     Hex            ######..     1%          2    None
 Blink                    Tloc           N/A          7%          2    None
 Call Imp                 Summ           ##......     7%          2    None


Dungeon Overview and Level Annotations

Branches:
Dungeon (1/1)

Altars:
Dithmenos
Elyvilon
Kikubaaqudgha
Okawaru
Ru
Sif Muna
Trog
Uskayaw
Vehumet
Wu Jian
Yredelemnul
Zin
The Shining One
Beogh


Innate Abilities, Weirdness & Mutations

You are very small and have problems with some larger weapons.
You are too small for most types of armour.
You have supernaturally acute eyesight. (SInv)
You are a herbivore.
You cover ground extremely quickly.
You need to consume almost no food.


Message History

There is an open door here.
You start waiting.
The azure jelly quivers.
The azure jelly jiggles. x2
The azure jelly quivers.
The azure jelly jiggles.
Done waiting.
You open the door.
Casting: Confuse (safe; 1% risk of failure)
Confirm with . or Enter, or press ? or * to list all spells.
Aiming: Confuse (safe; 1% risk of failure)
Press: ? - help, Shift-Dir - straight line, f - azure jelly
Aim: an azure jelly (umbra, chance to defeat MR: 28%)
The azure jelly easily resists.
The azure jelly hits you. The azure jelly freezes you!!
The azure jelly hits you but does no damage.
The azure jelly barely misses you. The azure jelly hits you. x2
The azure jelly freezes you!!!
Ouch! That really hurt!
You die...

#(.# #.. ####....#__
▓▓▓▓▓▓▓▓▓▓▓▓▓▓▓▓▓▓▓▓
▓...'.≈≈≈≈.≈≈≈♣♣....
▓...#≈≈≈§§§≈≈≈♣♣.≈≈≈
▓..P#≈≈.§§§.≈≈.'....
▓...#≈≈§≈§§≈§≈♣♣♣♣♣♣
▓..(#≈≈≈≈≈§≈§≈♣
▓##'####'######
▓..@.......
▓#J########


▓JJJ# ▓...+ ▓...# ▓...# #+### You could see 4 azure jellies.

Vanquished Creatures
  Sigmund (D)
  Gastronok (D)
  2 dire elephants (D)
  Snorg (D)
  A centaur warrior (D)
  An unseen horror (D)
  A deep elf mage (D)
  2 elephants (D)
  Edmund (D)
  2 spiny frogs (D)
  A rime drake (D)
  3 yaktaurs (D)
  A komodo dragon (D)
  3 wandering mushrooms (D)
  4 blink frogs (D)
  A shadow (D)
  A swamp drake (D)
  A necrophage (D)
  2 centaurs (D)
  An earth elemental (D)
  A water elemental (D)
  A jelly (D)
  A wizard (D)
  A necromancer (D)
  A kobold demonologist (D)
  3 humans (D)
  A wolf (D)
  2 oozes (D)
  2 rats (D)
  A plant (D)
45 creatures vanquished.

Vanquished Creatures (others)
  2 draconian scorchers (D)
  A shadow wraith (D)
  A molten gargoyle (D)
  6 hellions (D)
  3 yaktaurs (D)
  2 hornets (D)
  3 spriggan defenders (D)
  3 orc high priests (D)
  An electric eel (D)
  An orc priest (D)
  5 ball lightnings (D)
  A ballistomycete (D)
  2 ballistomycete spores (D)
  28 plants (D)
59 creatures vanquished.

Grand Total: 104 creatures vanquished

Notes
Turn   | Place    | Note
-------+----------+-------------------------------------------
     0 | D        | MuseOD the Spriggan Enchanter began the quest for the Orb.
     0 | D        | Reached XP level 1. HP: 9/9 MP: 5/5
     9 | D        | Reached skill level 1 in Fighting
     9 | D        | Reached skill level 5 in Stealth
    11 | D        | Reached XP level 2. HP: 14/14 MP: 6/6
    16 | D        | Learned a level 2 spell: Ensorcelled Hibernation
    63 | D        | Reached skill level 5 in Short Blades
    63 | D        | Reached XP level 3. HP: 19/19 MP: 5/8
    68 | D        | Learned a level 3 spell: Confuse
    96 | D        | Noticed a water elemental
    99 | D        | Killed a water elemental
    99 | D        | Reached XP level 4. HP: 24/24 MP: 9/11
   104 | D        | Learned a level 3 spell: Dazzling Spray
   107 | D        | Killed a hellion
   121 | D        | Found a basalt altar of Yredelemnul.
   121 | D        | Found a shadowy altar of Dithmenos.
   121 | D        | Found a sacrificial altar of Ru.
   121 | D        | Noticed a necrophage
   128 | D        | Killed a necrophage
   128 | D        | Reached skill level 5 in Spellcasting
   128 | D        | Reached XP level 5. HP: 29/29 MP: 9/14
   132 | D        | Became a worshipper of Dithmenos the Shadowed
   163 | D        | Killed a hellion
   163 | D        | Killed a hellion
   163 | D        | Killed a white draconian scorcher
   167 | D        | Found a glowing silver altar of Zin.
   167 | D        | Found a glowing golden altar of the Shining One.
   167 | D        | Found a white marble altar of Elyvilon.
   167 | D        | Noticed a deep elf mage
   177 | D        | Killed a deep elf mage
   177 | D        | Reached skill level 5 in Fighting
   177 | D        | Reached skill level 10 in Short Blades
   177 | D        | Reached XP level 6. HP: 33/36 MP: 6/17
   177 | D        | Reached XP level 7. HP: 36/39 MP: 6/19
   191 | D        | Killed a hellion
   192 | D        | Killed a hellion
   192 | D        | Killed a hellion
   233 | D        | Killed a white draconian scorcher
   326 | D        | Found a hide-covered altar of Uskayaw.
   326 | D        | Found a roughly hewn altar of Beogh.
   326 | D        | Found an iron altar of Okawaru.
   326 | D        | Found a bloodstained altar of Trog.
   326 | D        | Found an ornate altar of the Wu Jian Council.
   326 | D        | Noticed a human
   326 | D        | Noticed a human
   329 | D        | Killed a human
   332 | D        | Killed a human
   332 | D        | Reached * piety under Dithmenos
   380 | D        | Found a radiant altar of Vehumet.
   381 | D        | Found a deep blue altar of Sif Muna.
   381 | D        | Found an ancient bone altar of Kikubaaqudgha.
   394 | D        | Learned a level 3 spell: Tukima's Dance
   398 | D        | Learned a level 3 spell: Mephitic Cloud
   402 | D        | Learned a level 3 spell: Conjure Flame
   415 | D        | Noticed a shadow
   417 | D        | Killed a shadow
   417 | D        | Reached ** piety under Dithmenos
   417 | D        | Reached XP level 8. HP: 45/45 MP: 22/22
   428 | D        | Noticed Snorg
   428 | D        | Killed a yaktaur
   525 | D        | Killed Snorg
   525 | D        | Reached skill level 10 in Spellcasting
   619 | D        | Killed a yaktaur
   759 | D        | Noticed a centaur warrior
   761 | D        | Reached *** piety under Dithmenos
   761 | D        | Reached XP level 9. HP: 50/50 MP: 24/24
   763 | D        | Killed a centaur warrior
   773 | D        | Noticed an unseen horror
   775 | D        | Killed an unseen horror
   775 | D        | Reached skill level 15 in Stealth
   784 | D        | Noticed Sigmund
   784 | D        | Noticed Edmund
   788 | D        | Killed Sigmund
   788 | D        | Reached **** piety under Dithmenos
   788 | D        | Reached skill level 10 in Hexes
   788 | D        | Reached XP level 10. HP: 58/58 MP: 25/27
   789 | D        | Killed Edmund
  1082 | D        | Killed a shadow wraith
  1365 | D        | Reached skill level 1 in Conjurations
  1500 | D        | Reached XP level 11. HP: 63/63 MP: 22/29
  1509 | D        | Reached ***** piety under Dithmenos
  1572 | D        | Reached skill level 10 in Fighting
  1630 | D        | Reached ****** piety under Dithmenos
  1943 | D        | Noticed a dire elephant
  1944 | D        | Noticed a dire elephant
  1951 | D        | Noticed Gastronok
  1959 | D        | Killed a dire elephant
  1961 | D        | HP: 1/64 [dire elephant (14)]
  2142 | D        | Killed a dire elephant
  2384 | D        | Killed Gastronok
  2544 | D        | Noticed an azure jelly
  2544 | D        | Noticed an azure jelly
  2544 | D        | Noticed an azure jelly
  2546 | D        | Noticed an azure jelly
  2649 | D        | Slain by an azure jelly

Skill      XL: |  1  2  3  4  5  6  7  8  9 10 11 |
---------------+----------------------------------+-----
Fighting       | 1 2 3 4 5 6 7 9 10 | 10.9
Short Blades   | 3 5 6 8 10 12 13 16 18 | 18.5
Stealth        | 5 6 8 9 11 12 14 16 17 18 | 18.8
Spellcasting   | 4 5 7 9 10 12 13 | 13.0
Hexes          | 4 6 10 12 | 12.6
Conjurations   | 1 4 |  4.6
Dodging        | |  3.0

Action                   |  1- 3 |  4- 6 |  7- 9 | 10-12 || total
-------------------------+-------+-------+-------+-------++-------
Melee: Dagger            |    11 |    12 |    20 |    51 ||    94
 Cast: Ensorcelled Hiber |     1 |       |       |       ||     1
       Confuse           |       |     3 |     5 |    36 ||    44
       Dazzling Spray    |       |       |     3 |    11 ||    14
 Stab: Sleeping          |     6 |     1 |    11 |     5 ||    23
       Confused          |       |     2 |     2 |    11 ||    15
       Invisible         |       |       |     1 |     5 ||     6
Armor: Robe              |     3 |       |       |     2 ||     5
Dodge: Dodged            |     1 |     2 |     7 |    23 ||    33
